 Dungeon Sprint DCSS version 0.27-a0-489-g24c7b1a3ef (webtiles) character file.

Game seed: 5316635365234725792

1118 rocky1 the Geomancer (level 8, -13/67 HPs)
             Began as a Black Draconian Earth Elementalist on Mar 2, 2021.
             Was a High Priest of Sif Muna.
             Mangled by a deep troll (15 damage)
             ... in the Dungeon (Sprint VII: "The Pits").
             The game lasted 00:07:09 (1019 turns).

rocky1 the Geomancer (DrEE)                         Turns: 1019, Time: 00:07:10

Health: -13/67     AC:  6    Str: 12    XL:     8   Next: 12%
Magic:  6/18       EV: 13    Int: 17    God:    Sif Muna [*****.]
Gold:   0          SH:  0    Dex: 11    Spells: 11/20 levels left

rFire    . . .     SeeInvis .   l - +1 quarterstaff (speed)
rCold    . . .     Faith    .   (shield currently unavailable)
rNeg     . . .     Spirit   .   (armour unavailable)
rPois    .         Reflect  .   (helmet restricted)
rElec    +         Harm     .   (no cloak)
rCorr    .         Rampage  .   (no gloves)
Will     .....     NoTele   +   (no boots)
Stlth    ++........             (no amulet)
HPRegen  0.21/turn              (no ring)
MPRegen  0.16/turn              (no ring)

@: lethally poisoned (-13 -> -16), short of breath, slowed, very slow
A: breathe lightning, unfitting armour, electricity resistance, cold-blooded, AC
+6
a: Breathe Lightning, Renounce Religion, Channel Magic, Forget Spell, Divine
Exegesis


You were in the Dungeon.
You worshipped Sif Muna.
Sif Muna was extremely pleased with you.
You visited 1 branch

Inventory:

Hand Weapons
 l - a +1 quarterstaff of speed (weapon)
Missiles
 b - 16 stones
Scrolls
 h - a scroll of blinking
 i - 5 scrolls of amnesia
 j - a scroll of summoning
Potions
 a - 2 potions of invisibility
 c - 4 potions of curing
 d - 5 potions of heal wounds
 e - a potion of haste
 f - 2 potions of magic
 g - 3 potions of berserk rage


   Skills:
 + Level 4.7 Fighting
 + Level 4.2 Staves
 + Level 4.3 Dodging
 - Level 1.7 Stealth
 + Level 6.7 Spellcasting
 - Level 1.0 Transmutations
 + Level 10.8 Earth Magic
 + Level 7.8 Invocations


You had 11 spell levels left.
You knew the following spells:

 Your Spells              Type           Power        Failure   Level
a - Sandblast             Erth           84%          1%          1
b - Stone Arrow           Conj/Erth      48%          3%          3
c - Lee's Rapid Deconstr  Erth           21%          3%          5

Your spell library contained the following spells:

 Spells                   Type           Power        Failure   Level
 Passwall                 Tmut/Erth      20%          1%          2
 Petrify                  Tmut/Erth      25%          11%         4
 Tukima's Dance           Hex            5%           34%         3
 Fulminant Prism          Conj/Hex       2%           75%         4
 Discord                  Hex            2%           100%        8


Dungeon Overview and Level Annotations

Branches:
Dungeon (1/1)

Altars:
Ashenzari
Cheibriados
Dithmenos
Elyvilon
Fedhas
Gozag
Hepliaklqana
Kikubaaqudgha
Makhleb
Nemelex Xobeh
Okawaru
Qazlal
Ru
Sif Muna
Trog
Uskayaw
Vehumet
Wu Jian
Xom
Yredelemnul
Zin
The Shining One
Beogh
Jiyva
Lugonu


Innate Abilities, Weirdness & Mutations

You can breathe wild blasts of lightning.
Your glossy black scales are hard. (AC +6)
You cannot fit into any form of body armour.
You are resistant to electric shocks. (rElec)
You are cold-blooded and may be slowed by cold attacks.


Message History

Press: ? - help, Dir - move target A metal wall.
The metal wall shatters!
The blast of metal fragments hits the hornet!
The hornet is almost dead.
The blast of metal fragments hits the ooze!!
You kill the ooze!
Sif Muna accepts your kill.
You see here Sif Muna's Catalogue of Creative Enchantment.
Sif Muna grants you a gift!
The blast of metal fragments hits the deep troll!
The deep troll is heavily wounded.
You feel sick. The hornet misses you. The hornet stings you.
You feel as though you will be slow longer.
Casting: Lee's Rapid Deconstruction (dangerous; 4% risk of failure)
Confirm with . or Enter, or press ? or * to list all spells.
Aiming: Lee's Rapid Deconstruction (dangerous; 4% risk of failure)
Press: ? - help, Dir - move target A metal wall.
The metal wall shatters!
The blast of metal fragments hits the hornet!
You kill the hornet!
Sif Muna accepts your kill.
The blast of metal fragments hits the deep troll!
The deep troll is severely wounded.
You feel sick.
The deep troll misses you. x2; The deep troll claws you.
* * * LOW HITPOINT WARNING * * *
Your Staves skill increases to level 4!
Your Dodging skill increases to level 4!
You have reached level 8!
You feel stronger.
You feel much better.
You feel sick. The deep troll bites you! The deep troll barely misses you.
The deep troll claws you.
Unknown command.
You feel sick. The deep troll closely misses you. The deep troll claws you!
* * * LOW HITPOINT WARNING * * *
The deep troll claws you!!
* * * LOW HITPOINT WARNING * * *
The deep troll closely misses you. The deep troll claws you!
You die...

#)#........##.......#
#'###########.......#
#.......#). #########
#.###...#)# ####
#.#.....#)#....#
#.#...#.#†#....#
#.....#.#)'....+
#...###.#T#....#
#.......@.# ...#
########### ###


You could see a deep troll.

Vanquished Creatures
  A hornet (D)
  A flying skull (D)
  A fire bat (D)
  An orc warrior (D)
  A black bear (D)
  An ogre (D)
  A centaur (D)
  A kobold brigand (D)
  2 quasits (D)
  A hound (D)
  An orc priest (D)
  2 orc wizards (D)
  An ufetubus (D)
  An ooze (D)
  5 orcs (D)
  3 jackals (D)
  4 quokkas (D)
  A frilled lizard (D)
  2 goblins (D)
31 creatures vanquished.

Notes
Turn   | Place    | Note
-------+----------+-------------------------------------------
     0 | D        | rocky1 the Draconian Earth Elementalist began the quest for
                  | the Orb.
     0 | D        | Reached XP level 1. HP: 14/14 MP: 3/3
    15 | D        | Reached skill level 4 in Earth Magic
    43 | D        | Found a bloodstained altar of Trog.
    43 | D        | Found a shimmering blue altar of Sif Muna.
    43 | D        | Found a viscous altar of Jiyva.
    43 | D        | Found a hazy altar of Hepliaklqana.
    43 | D        | Found an opulent altar of Gozag.
    44 | D        | Found a glowing golden altar of the Shining One.
    44 | D        | Found a glowing silver altar of Zin.
    44 | D        | Found a basalt altar of Yredelemnul.
    44 | D        | Found a shimmering altar of Xom.
    44 | D        | Found an ornate altar of the Wu Jian Council.
    44 | D        | Found a sacrificial altar of Ru.
    44 | D        | Found a stormy altar of Qazlal.
    44 | D        | Found an iron altar of Okawaru.
    44 | D        | Found a sparkling altar of Nemelex Xobeh.
    44 | D        | Found a burning altar of Makhleb.
    44 | D        | Found a blossoming altar of Fedhas.
    44 | D        | Found a white marble altar of Elyvilon.
    44 | D        | Found a shadowy altar of Dithmenos.
    44 | D        | Found a snail-covered altar of Cheibriados.
    47 | D        | Found a corrupted altar of Lugonu.
    47 | D        | Found a radiant altar of Vehumet.
    47 | D        | Found a roughly hewn altar of Beogh.
    48 | D        | Found an ancient bone altar of Kikubaaqudgha.
    48 | D        | Found a hide-covered altar of Uskayaw.
    48 | D        | Found a broken altar of Ashenzari.
    49 | D        | Became a worshipper of Sif Muna the Loreminder
    73 | D        | Reached skill level 5 in Earth Magic
    73 | D        | Reached XP level 2. HP: 14/20 MP: 0/5
   173 | D        | Reached * piety under Sif Muna
   176 | D        | Reached ** piety under Sif Muna
   210 | D        | Noticed a fire bat
   221 | D        | Killed a fire bat
   222 | D        | Reached skill level 10 in Earth Magic
   222 | D        | Reached XP level 3. HP: 13/26 MP: 0/6
   222 | D        | Reached XP level 4. HP: 16/33 MP: 0/7
   222 | D        | Reached XP level 5. HP: 19/38 MP: 0/8
   225 | D        | Reached *** piety under Sif Muna
   383 | D        | Learned a level 5 spell: Lee's Rapid Deconstruction
   426 | D        | Reached skill level 11 in Earth Magic
   426 | D        | Reached skill level 1 in Invocations
   431 | D        | Reached **** piety under Sif Muna
   476 | D        | Noticed a flying skull
   478 | D        | Killed a flying skull
   479 | D        | Reached skill level 5 in Spellcasting
   479 | D        | Reached skill level 12 in Earth Magic
   479 | D        | Reached skill level 5 in Invocations
   479 | D        | Reached XP level 6. HP: 36/45 MP: 0/14
   493 | D        | Reached ***** piety under Sif Muna
   495 | D        | Identified Sif Muna's Tome of the Owl (Sif Muna gifted it
                  | to you in the Dungeon)
   495 | D        | Received a gift from Sif Muna
   525 | D        | Reached skill level 1 in Fighting
   525 | D        | Reached skill level 1 in Staves
   872 | D        | Noticed an orc warrior
   884 | D        | Learned a level 3 spell: Stone Arrow
   894 | D        | Killed an orc warrior
   895 | D        | Your scales start taking on a glossy black colour.
   895 | D        | Reduced skill Earth Magic to level 10
   895 | D        | Reached XP level 7. HP: 51/56 MP: 6/15
   895 | D        | Gained mutation: You are resistant to electric shocks.
                  | (rElec) [Black Draconian growth]
  1011 | D        | Noticed a deep troll
  1011 | D        | Noticed a hornet
  1016 | D        | Identified Sif Muna's Catalogue of Creative Enchantment
                  | (Sif Muna gifted it to you in the Dungeon)
  1016 | D        | Received a gift from Sif Muna
  1017 | D        | Killed a hornet
  1018 | D        | Reached XP level 8. HP: 19/67 MP: 1/18
  1019 | D        | HP: 2/67 [deep troll (18)]
  1019 | D        | Mangled by a deep troll

Illustrated notes

Levels and vault maps discovered:
D:        pitsprint [storerooms_1, entrance_room_1, metal_vault_7, armoury_3,
          mini_pit_1, grid_room_1, main_hall_1, silver_pit, the_coven_2,
          the_vestibule_1, steel_vault_3, golden_pit, hallway_of_sentries,
          crystal_vault_2, iron_vault_4, final_vault]

Skill      XL: |  1  2  3  4  5  6  7 |
---------------+----------------------+-----
Earth Magic    | 5 10 12 10 | 10.8
Invocations    | 5 6 7 |  7.8
Spellcasting   | 5 6 |  6.7
Fighting       | 2 4 |  4.7
Staves         | 2 4 |  4.2
Dodging        | 2 4 |  4.3
Stealth        | |  1.7
Transmutations | |  1.0

Action                   |  1- 3 |  4- 6 |  7- 9 || total
-------------------------+-------+-------+-------++-------
Melee: Quarterstaff      |     8 |    26 |       ||    34
       Tailslap          |       |     1 |       ||     1
 Cast: Sandblast         |    13 |    11 |       ||    24
       Lee's Rapid Decon |       |     7 |     5 ||    12
Invok: Channel Magic     |       |     1 |     1 ||     2
 Abil: Breathe Lightning |       |       |     2 ||     2
  Use: Potion            |     1 |     3 |     1 ||     5
 Stab: Sleeping          |     1 |       |       ||     1
Armor: Skin              |     5 |    18 |       ||    23
Dodge: Dodged            |    22 |    17 |     8 ||    47

Table legend: (Time is in decaauts)
 A = Elapsed time spent in this place.
 B = Non-inter-level travel time spent in this place.
 C = Inter-level travel time spent in this place.
 D = Time resting spent in this place.
 E = Time spent auto-exploring this place.
 F = Levels seen in this place.
 G = Mean time per level.
                   A        B        C        D        E       F      G
               +--------+--------+--------+--------+--------+-----+--------+
         Total |   1020 |   1020 |      0 |    712 |      0 |   1 | 1020.0 |
       Dungeon |   1020 |   1020 |      0 |    712 |      0 |   1 | 1020.0 |
               +--------+--------+--------+--------+--------+-----+--------+

Top non-repeatable levels by time:
       D: 1020 daAuts
